 Dungeon Crawl Stone Soup version 0.20.1-1-g8b1a95d (webtiles) character file.

30793 Irenicus the Severer (level 13, -3/118 HPs)
             Began as a Deep Dwarf Gladiator on Oct 20, 2017.
             Was a High Priest of Makhleb.
             Killed from afar by a deep elf mage (30 damage)
             ... with a bolt of lightning
             ... on level 1 of the Orcish Mines.
             The game lasted 00:38:52 (10859 turns).

Irenicus the Severer (Deep Dwarf Gladiator)        Turns: 10859, Time: 00:38:52

Health: -3/118     AC: 24    Str: 18    XL:     13   Next: 22%
Magic:  9/10       EV: 15    Int: 10    God:    Makhleb [*****.]
Gold:   920        SH:  3    Dex: 20    Spells: 12/12 levels left

rFire    . . .     SeeInvis .   U - +1 war axe (venom)
rCold    + . .     Gourm    .   (no shield)
rNeg     + . .     Faith    .   C - +2 chain mail {MR+}
rPois    .         Spirit   .   c - +2 helmet
rElec    .         Reflect  +   T - +1 cloak {+Inv}
rCorr    .         Harm     .   i - +2 pair of gloves
MR       ++...     Clarity  +   k - +2 pair of boots
Stlth    ..........             S - +3 amulet of reflection
Regen    0.0/turn               w - ring of positive energy
MPRegen  0.2/turn               X - ring of protection from cold

@: non-regenerating
A: damage resistance, heal wounds, rugged brown scales 1, agile 1, clarity,
sense surroundings 2, screaming 1, MP-powered wands, no regeneration
a: Heal Wounds, Minor Destruction, Lesser Servant of Makhleb, Major Destruction,
Greater Servant of Makhleb, Renounce Religion, Evoke Invisibility


You were on level 1 of the Orcish Mines.
You worshipped Makhleb.
Makhleb was extremely pleased with you.
You were very hungry.

You visited 3 branches of the dungeon, and saw 15 of its levels.
You also visited: Sewer.

You collected 920 gold pieces.

Inventory:

Hand Weapons
 a - a +0 war axe
 U - a +1 war axe of venom (weapon)
Missiles
 d - 3 throwing nets (quivered)
Armour
 c - a +2 helmet (worn)
 i - a +2 pair of gloves (worn)
 k - a +2 pair of boots (worn)
 n - the +1 robe "Cienautz" {+Blink Str+2 Int+3 Stlth+}
   (You found it on level 6 of the Dungeon)

   It affects your strength (+2).
   It affects your intelligence (+3).
   It lets you blink.
   It makes you more stealthy.
 z - a +3 leather armour of magic resistance
 C - a +2 chain mail of magic resistance (worn)
 T - a +1 cloak of invisibility (worn)
Jewellery
 b - an uncursed ring of teleportation
 r - an uncursed ring of poison resistance
 w - a ring of positive energy (left hand)
 y - an uncursed ring of see invisible
 Q - an uncursed ring of magical power
 S - a +3 amulet of reflection (around neck)
 X - a ring of protection from cold (right hand)
Wands
 e - a wand of lightning (9/15)
 o - a wand of flame (16/48)
 s - a wand of confusion (28/48)
 A - a wand of random effects (3/48)
 I - a wand of random effects (23/48)
 N - a wand of iceblast (7/15)
 R - a wand of random effects (26/48)
 V - a wand of clouds (4/9)
 Y - a wand of paralysis (18/24)
Scrolls
 l - 13 scrolls of remove curse
 m - 3 scrolls of identify
 q - 9 scrolls of teleportation
 v - a scroll of fog
 x - 2 scrolls of fear
 G - 2 scrolls of blinking
 K - a scroll of holy word {unknown}
 L - a scroll of immolation {unknown}
 O - 4 scrolls of magic mapping
 W - a scroll of acquirement {unknown}
 Z - a scroll of recharging {unknown}
Potions
 t - 3 potions of curing
 u - a potion of mutation
 B - 8 potions of flight
 D - 2 potions of magic
 H - a potion of brilliance
 J - a potion of lignification
Books
 p - a book of Debilitation

   Spells                             Type                      Level
   a - Corona                         Hexes                        1
   b - Slow                           Hexes                        2
   c - Inner Flame                    Hexes/Fire                   3
   d - Portal Projectile              Hexes/Translocation          3
   e - Cause Fear                     Hexes                        4
   f - Leda's Liquefaction            Hexes/Earth                  4
 E - the Grimoire of Calling
   (You found it on level 12 of the Dungeon)

   Spells                             Type                      Level
   a - Summon Butterflies             Summoning                    1
   b - Call Canine Familiar           Summoning                    3
   c - Malign Gateway                 Summoning/Translocation      7
   d - Dragon's Call                  Summoning                    9
 F - a Young Poisoner's Handbook

   Spells                             Type                      Level
   a - Sting                          Conjuration/Poison           1
   b - Poisonous Vapours              Poison/Air                   2
   c - Mephitic Cloud                 Conjuration/Poison/Air       3
   d - Olgreb's Toxic Radiance        Poison                       4
   e - Venom Bolt                     Conjuration/Poison           5
 M - a book of Frost

   Spells                             Type                      Level
   a - Freeze                         Ice                          1
   b - Throw Frost                    Conjuration/Ice              2
   c - Ozocubu's Armour               Charms/Ice                   3
   d - Throw Icicle                   Conjuration/Ice              4
   e - Summon Ice Beast               Ice/Summoning                4
 P - a book of Geomancy

   Spells                             Type                      Level
   a - Sandblast                      Earth                        1
   b - Passwall                       Transmutation/Earth          2
   c - Stone Arrow                    Conjuration/Earth            3
   d - Petrify                        Transmutation/Earth          4
   e - Lee's Rapid Deconstruction     Earth                        5
Comestibles
 f - 9 bread rations
 g - 10 royal jellies
 h - 9 meat rations
 j - 14 fruits


   Skills:
 - Level 7.0 Fighting
 - Level 16.0 Axes
 - Level 1.7 Throwing
 + Level 4.3 Armour
 - Level 13.0 Dodging
 - Level 11.2 Invocations
 - Level 0.3 Evocations


You had 12 spell levels left.
You didn't know any spells.

Dungeon Overview and Level Annotations

Branches:
Dungeon (13/15)            Temple (1/1) D:6            Lair (0/6) D:11
    Orc (1/2) D:11         Vaults (0/5) D:13

Altars:
Ashenzari
Cheibriados
Dithmenos
Elyvilon
Fedhas
Gozag
Hepliaklqana
Kikubaaqudgha
Makhleb
Nemelex Xobeh
Qazlal
Ru
Sif Muna
Trog
Uskayaw
Vehumet
Xom
Yredelemnul
Zin
The Shining One

Shops:
D:10 !   Orc:1 *

Annotations:
D:7 2 transporters, exclusion: statue, Menkaure


Innate Abilities, Weirdness & Mutations

You are resistant to damage.
You can heal yourself by infusing magical energy.
You passively map the area around you.
You do not regenerate.
You are partially covered in rugged brown scales. (AC +1, +3% HP)
You are agile. (Dex +2)
You possess an exceptional clarity of mind.
You occasionally shout uncontrollably at your foes.
You expend magic power (3 MP) to strengthen your wands.


Message History

The bolt of lightning hits you!
* * * LOW HITPOINT WARNING * * *
The fire elemental hits your smoke demon.
The fire elemental burns your smoke demon!
Your smoke demon completely resists.
The deep elf mage is engulfed in noxious fumes.
The deep elf mage appears confused.
The deep elf mage hits you but does no damage.
The fire elemental hits your smoke demon.
The fire elemental burns your smoke demon!
Your smoke demon completely resists.
Your smoke demon hits the deep elf mage. x3
The deep elf mage dies!
Makhleb accepts your kill.
The fire elemental disappears in a puff of smoke!
You hit the deep elf mage.
The deep elf mage is poisoned.
The deep elf mage is lightly wounded.
The deep elf mage points at you and mumbles some strange words.
The bolt of lightning hits you!
You die...

##....#...# #
,* ###.##...#
.#
###...#,..#,
* ,
##....##.##$,
,
##...........
* * , *
#.....)......
* * ** *
##...........
, * ∩ * *
#..e#)#......
, * , *
##.@3..#§...
, * , *,,, *
#.)§§#.e..#
,,,,*
#§§.....###*
* ,,,
,.§§§§§..## *
* , ,,,,
.>.§§§..$.#
,,
.$......##.##
,, ......###
## , ,, ,
....##* ...#


You could see 2 deep elf magi and a friendly smoke demon.

Vanquished Creatures
  A great orb of eyes (D:13)
  A vault guard (D:13)
  3 centaur warriors
  4 two-headed ogres
  3 skeletal warriors (D:13)
  An unseen horror (D:11)
  A wizard (D:12)
  Pikel (D:5)
  4 deep elf magi (Orc:1)
  3 ugly things
  A manticore (D:13)
  7 cyclopes
  A wolf spider (D:13)
  A centaur zombie (D:13)
  Psyche (D:9)
  2 gargoyles
  A kobold demonologist (D:13)
  A meliai (D:12)
  2 hornets
  A harpy zombie (D:13)
  A troll (D:12)
  Grinder (D:3)
  2 hippogriffs
  3 slime creatures (D:13)
  3 shadows
  A yak (shapeshifter) (D:12)
  Sigmund (D:6)
  A yak (D:9)
  A wyvern (D:11)
  Eustachio (D:5)
  3 hogs (D:9)
  2 hungry ghosts (D:11)
  A human (D:9)
  2 wargs (Orc:1)
  A soldier ant (D:13)
  An acid dragon (D:11)
  8 orc warriors
  4 phantoms
  2 sky beasts
  2 necrophages
  2 ice beasts
  9 ogres
  12 centaurs
  4 crocodiles (D:11)
  6 big kobolds
  7 bullfrogs
  A water moccasin zombie (D:8)
  4 scorpions
  9 killer bees
  8 wights
  3 troll zombies (D:11)
  4 howler monkeys
  7 crimson imps
  2 bullfrog zombies
  2 quasits
  10 orc priests
  13 hounds
  7 orc wizards
  2 bullfrog skeletons
  A centaur skeleton (D:4)
  Crazy Yiuf (D:7)
  A jelly (D:13)
  3 iguanas
  7 worker ants
  5 ogre zombies (D:11)
  A hound zombie (D:5)
  3 hound skeletons
  2 worker ant zombies
  A howler monkey skeleton (D:4)
  2 river rats
  13 adders
  3 gnolls (D:5)
  An ooze (D:2)
  6 worms
  2 dart slugs (D:4)
  5 leopard geckos
  42 orcs
  5 ball pythons
  6 giant cockroaches
  4 goblins (D:2)
  11 hobgoblins
  12 jackals
  3 quokkas
  3 bats
  5 frilled lizards
  A goblin skeleton (D:11)
  5 goblin zombies (D:11)
  2 hobgoblin skeletons (D:11)
  3 hobgoblin zombies (D:11)
  2 jackal skeletons
  2 jackal zombies
  37 kobolds
  2 orc skeletons (D:11)
  12 orc zombies (D:11)
  A quokka skeleton (D:6)
  7 rats
415 creatures vanquished.

Vanquished Creatures (collateral kills)
  A tengu reaver (D:12)
  A deep elf mage (Orc:1)
2 creatures vanquished.

Vanquished Creatures (others)
  A deep troll earth mage (D:12)
  A tengu conjurer (D:12)
  A wyvern (D:12)
  A slave (D:5)
  A scorpion (D:5)
  A quokka (D:5)
6 creatures vanquished.

Grand Total: 423 creatures vanquished

Notes
Turn   | Place    | Note
-------+----------+-------------------------------------------
     0 | D:1      | Irenicus the Deep Dwarf Gladiator began the quest for the Orb.
     0 | D:1      | Reached XP level 1. HP: 19/19 MP: 1/1
    93 | D:1      | Found a shattered altar of Ashenzari.
   488 | D:1      | Reached skill level 4 in Axes
   488 | D:1      | Reached XP level 2. HP: 24/26 MP: 2/2
   562 | D:2      | Reached XP level 3. HP: 29/32 MP: 3/3
   568 | D:2      | Reached skill level 5 in Axes
   890 | D:2      | Reached XP level 4. HP: 24/39 MP: 4/4
  1279 | D:3      | Reached skill level 6 in Axes
  1519 | D:3      | Noticed Grinder
  1524 | D:3      | Paralysed by Grinder for 4 turns
  1530 | D:3      | Paralysed by Grinder for 6 turns
  1538 | D:3      | Paralysed by Grinder for 3 turns
  1544 | D:3      | Paralysed by Grinder for 2 turns
  1549 | D:3      | Paralysed by Grinder for 6 turns
  1561 | D:3      | Killed Grinder
  1561 | D:3      | Reached skill level 7 in Axes
  1561 | D:3      | Reached XP level 5. HP: 8/45 MP: 5/5
  1561 | D:3      | Reached XP level 6. HP: 9/52 MP: 6/6
  1786 | D:4      | Reached skill level 8 in Axes
  1950 | D:4      | Reached XP level 7. HP: 20/58 MP: 5/5
  1957 | D:4      | Found a snail-covered altar of Cheibriados.
  2048 | D:4      | Reached skill level 9 in Axes
  2441 | D:5      | Entered Level 5 of the Dungeon
  2492 | D:5      | Noticed Eustachio
  2548 | D:5      | Killed Eustachio
  2548 | D:5      | Reached skill level 10 in Axes
  2649 | D:5      | Reached XP level 8. HP: 23/66 MP: 5/5
  2652 | D:5      | Gained mutation: Your movements are slightly less encumbered by armour. (ER -2) [mutagenic meat]
  2653 | D:5      | Gained mutation: Your magical capacity is low. (-10% MP) [mutagenic meat]
  2654 | D:5      | Gained mutation: You passively map the area around you. [mutagenic meat]
  2655 | D:5      | Gained mutation: You are partially covered in slimy green scales. (AC +2) [mutagenic meat]
  2656 | D:5      | Lost mutation: Your magical capacity is low. (-10% MP) [mutagenic meat]
  2902 | D:5      | Noticed Pikel
  2924 | D:5      | Killed Pikel
  2924 | D:5      | Reached skill level 11 in Axes
  3411 | D:5      | Reached skill level 12 in Axes
  3534 | D:6      | Found a glowing drain.
  3538 | Sewer    | Entered a sewer
  3958 | D:6      | Found a staircase to the Ecumenical Temple.
  3973 | Temple   | Entered the Ecumenical Temple
  4114 | Temple   | Became a worshipper of Makhleb the Destroyer
  4156 | D:6      | Mutation became permanent: You passively map a small area around you. [Deep Dwarf growth]
  4156 | D:6      | Gained mutation: You passively map the area around you. [Deep Dwarf growth]
  4156 | D:6      | Reached XP level 9. HP: 8/73 MP: 5/5
  4158 | D:6      | Got a wizard robe
  4202 | D:6      | Noticed Sigmund
  4203 | D:6      | Identified the +1 robe "Cienautz" {+Blink Str+2 Int+3 Stlth+} (You found it on level 6 of the Dungeon)
  4213 | D:6      | Killed Sigmund
  4213 | D:6      | Reached skill level 13 in Axes
  5127 | D:7      | Found a runed door.
  5131 | D:7      | Noticed Crazy Yiuf
  5137 | D:7      | Killed Crazy Yiuf
  5182 | D:7      | Found a glowing golden altar of the Shining One.
  5249 | D:7      | Found a sacrificial altar of Ru.
  5275 | D:7      | Found a blossoming altar of Fedhas.
  5293 | D:7      | Reached * piety under Makhleb
  5293 | D:7      | Reached skill level 14 in Axes
  5521 | D:7      | Found an ancient bone altar of Kikubaaqudgha.
  5521 | D:7      | Noticed Menkaure
  5524 | D:7      | Found a basalt altar of Yredelemnul.
  5542 | D:7      | Paralysed by a hornet for 2 turns
  5544 | D:7      | HP: 1/76 [hornet (3)]
  5555 | D:7      | Found a transporter.
  5557 | D:7      | Found a transporter.
  5714 | D:7      | Found a radiant altar of Vehumet.
  5740 | D:7      | Found a deep blue altar of Sif Muna.
  5784 | D:8      | Noticed a cyclops
  5974 | D:8      | Noticed a two-headed ogre
  6043 | D:8      | Killed a cyclops
  6043 | D:8      | Reached XP level 10. HP: 15/86 MP: 5/5
  6052 | D:8      | Found an opulent altar of Gozag.
  6177 | D:8      | Lost mutation: You are partially covered in slimy green scales. (AC +2) [potion of mutation]
  6177 | D:8      | Lost mutation: Your movements are slightly less encumbered by armour. (ER -2) [potion of mutation]
  6177 | D:8      | Gained mutation: You are frail. (-10% HP) [potion of mutation]
  6177 | D:8      | Gained mutation: You are agile. (Dex +2) [potion of mutation]
  6180 | D:8      | Killed a two-headed ogre
  6180 | D:8      | Reached skill level 15 in Axes
  6360 | D:9      | Reached skill level 5 in Fighting
  6416 | D:9      | Found a shimmering altar of Xom.
  6501 | D:9      | Reached ** piety under Makhleb
  6698 | D:9      | Noticed Psyche
  6704 | D:9      | Lost mutation: You are frail. (-10% HP) [potion of mutation]
  6704 | D:9      | Lost mutation: You are agile. (Dex +2) [potion of mutation]
  6704 | D:9      | Gained mutation: You possess an exceptional clarity of mind. [potion of mutation]
  6704 | D:9      | Gained mutation: You are partially covered in rugged brown scales. (AC +1, +3% HP) [potion of mutation]
  6719 | D:9      | Killed Psyche
  6928 | D:10     | Entered Level 10 of the Dungeon
  6975 | D:10     | Noticed a two-headed ogre
  7089 | D:10     | Killed a two-headed ogre
  7089 | D:10     | Reached skill level 16 in Axes
  7207 | D:10     | Found Noyrr's Distillery.
  7678 | D:10     | Reached XP level 11. HP: 31/101 MP: 6/6
  7678 | D:10     | Reached skill level 1 in Invocations
  7910 | D:11     | Reached *** piety under Makhleb
  8187 | D:11     | Reached skill level 5 in Invocations
  8214 | D:11     | Found a staircase to the Orcish Mines.
  8255 | D:11     | Reached **** piety under Makhleb
  8379 | D:11     | Noticed a two-headed ogre
  8380 | D:11     | Noticed a red ugly thing
  8425 | D:11     | Killed a two-headed ogre
  8429 | D:11     | Killed a red ugly thing
  8447 | D:11     | Gained mutation: You occasionally shout uncontrollably at your foes. [mutagenic meat]
  8449 | D:11     | Gained mutation: You are agile. (Dex +2) [mutagenic meat]
  8450 | D:11     | Gained mutation: You expend magic power (3 MP) to strengthen your wands. [mutagenic meat]
  8645 | D:11     | Found a staircase to the Lair.
  8755 | D:11     | Noticed a green ugly thing
  8773 | D:11     | Killed a green ugly thing
  8842 | D:11     | Noticed an unseen horror
  8858 | D:11     | Killed an unseen horror
  8858 | D:11     | Reached skill level 10 in Invocations
  9078 | D:12     | Noticed a centaur warrior
  9087 | D:12     | Killed a centaur warrior
  9361 | D:12     | Reached skill level 5 in Dodging
  9543 | D:12     | Noticed a wizard
  9558 | D:12     | Noticed a tengu reaver
  9562 | D:12     | Reached XP level 12. HP: 66/112 MP: 13/13
  9568 | D:12     | Noticed a deep troll earth mage
  9594 | D:12     | Killed a tengu reaver
  9601 | D:12     | HP: 5/112 [deep troll earth mage/blast of crystal shards (35)]
  9602 | D:12     | Killed a deep troll earth mage
  9617 | D:12     | Identified the Grimoire of Calling
  9726 | D:12     | Noticed an eight-headed hydra
  9783 | D:13     | Reached ***** piety under Makhleb
  9833 | D:13     | Noticed a great orb of eyes
  9852 | D:13     | Killed a great orb of eyes
  9854 | D:13     | Noticed a vault guard
  9868 | D:13     | Killed a vault guard
  9868 | D:13     | Reached skill level 10 in Dodging
  9879 | D:13     | Found a gate to the Vaults.
  9966 | D:13     | Noticed a centaur warrior
  9984 | D:13     | Killed a centaur warrior
 10353 | D:13     | Noticed a centaur warrior
 10364 | D:13     | Killed a centaur warrior
 10413 | D:13     | Reached XP level 13. HP: 102/118 MP: 12/12
 10705 | Orc:1    | Entered Level 1 of the Orcish Mines
 10762 | Orc:1    | Found Ceifeosai's Assorted Antiques.
 10825 | Orc:1    | Reached skill level 1 in Armour
 10839 | Orc:1    | HP: 5/118 [fire elemental[a deep elf mage] (11)]
 10859 | Orc:1    | Killed from afar by a deep elf mage

Skill      XL: |  1  2  3  4  5  6  7  8  9 10 11 12 13 |
---------------+----------------------------------------+-----
Axes           | 4 5 7 8 10 12 14 16 | 16.0
Fighting       | 4 6 7 |  7.0
Invocations    | 11 | 11.2
Dodging        | 5 12 13 | 13.0
Armour         | 4 |  4.3
Throwing       | |  1.7
Evocations     | |  0.3

Action                   |  1- 3 |  4- 6 |  7- 9 | 10-12 | 13-15 || total
-------------------------+-------+-------+-------+-------+-------++-------
Melee: War axe           |    82 |   161 |   532 |   911 |    61 ||  1747
Throw: Throwing net      |       |     1 |       |       |       ||     1
Invok: Minor Destruction |       |       |       |    15 |     1 ||    16
       Lesser Servant of |       |       |       |     1 |     1 ||     2
 Abil: Heal Wounds       |       |     3 |    11 |    23 |     5 ||    42
Evoke: Wand              |       |       |    10 |       |     1 ||    11
  Use: Potion            |       |     4 |     5 |    14 |     1 ||    24
       Scroll            |       |       |    15 |     2 |       ||    17
 Stab: Distracted        |       |       |     1 |       |       ||     1
       Invisible         |       |       |       |     4 |       ||     4
       Sleeping          |       |       |       |     1 |       ||     1
       Confused          |       |       |       |       |     1 ||     1
  Eat: Chunk             |       |     2 |    20 |    15 |     1 ||    38
       Fruit             |       |       |       |     3 |       ||     3
       Bread ration      |       |       |       |     1 |       ||     1
Armor: Leather armour    |    21 |    48 |   203 |   297 |       ||   569
       Skin              |       |       |     9 |    57 |       ||    66
       Chain mail        |       |       |       |       |    52 ||    52
Dodge: Dodged            |    77 |   117 |   304 |   544 |    66 ||  1108
Block: Other             |       |       |       |    16 |     6 ||    22
